 Dungeon Crawl Stone Soup version 0.31-a0-875-g02e7d12df6 (webtiles) character file.

Game seed: 195873863705902769

69517 GigaChad the Cleaver (level 15, -5/95 HPs) *EXPLORE*
             Began as a Kobold Fighter on Oct 12, 2023.
             Was an Initiate of Gozag.
             Slain by a spriggan rider
             ... wielding a +0 spear
              (14 damage)
             ... while paralysed by a hornet
             ... on level 2 of the Swamp.
             The game lasted 00:28:00 (19423 turns).

GigaChad the Cleaver (Kobold Fighter)              Turns: 19423, Time: 00:28:01

Health: -5/95      AC: 30    Str: 25    XL:     15   Next: 74%
Magic:  15/15      EV:  3    Int: 13    God:    Gozag
Gold:   2896       SH:  0    Dex: 19    Spells: 14/14 levels left

rFire   + . .        a - +8 war axe
rCold   x . .        c - +0 kite shield
rNeg    + + .        j - +11 shadow dragon scales "Qearurchu" {rElec rN+ Int-2 Dex+5 Stlth++++}
rPois   .            o - +2 helmet
rElec   +            (no cloak)
rCorr   +            (no gloves)
SInv    .            (no boots)
Will    +....        (no amulet)
Stlth   ++++         V - ring "Datyky" {Fire rN+ rCorr Str+4 Int+5}
HPRegen 0.35/turn    W - ring of the Sky {rElec EV+5}
MPRegen 0.14/turn

%: no passive effects
@: paralysed, lethally poisoned (-5 -> -21), gold aura, slowed, very slow
A: small, no large weapons, nightstalker 3
a: Renounce Religion, Potion Petition, Call Merchant, Bribe Branch


You were on level 2 of the Swamp.
You worshipped Gozag.
Gozag was most pleased with you.
You visited 4 branches of the dungeon, and saw 16 of its levels.
You also visited: Bailey.

You collected 3165 gold pieces.
You paid 269 gold pieces to Gozag.

Inventory:

Hand Weapons
 a - a +8 war axe (weapon)
 K - a +5 spectral quarterstaff
 R - a +1 demon whip of venom
Armour
 c - a +0 kite shield (worn)
 j - the +11 shadow dragon scales "Qearurchu" (worn) {rElec rN+ Int-2 Dex+5 Stlth++++}
   (You found it in a bailey)

   Int-2:     It affects your intelligence (-2).
   Dex+5:     It affects your dexterity (+5).
   rElec:     It insulates you from electricity.
   rN+:       It protects you from negative energy.
   Stlth++++: It makes you much more stealthy.
 o - a +2 helmet (worn)
 C - a +0 crystal plate armour
Jewellery
 h - a +5 ring of evasion
 w - an amulet of faith
 A - a +4 ring of protection
 B - a ring of fire
 H - a ring of magical power
 P - a ring of protection from fire
 V - the ring "Datyky" (left hand) {Fire rN+ rCorr Str+4 Int+5}
   (You took it off Rupert on level 5 of the Lair of Beasts)

   [ring of fire]

   Fire:      It enhances your fire magic.
   Str+4:     It affects your strength (+4).
   Int+5:     It affects your intelligence (+5).
   rF+:       It protects you from fire.
   rC-:       It makes you vulnerable to cold.
   rN+:       It protects you from negative energy.
   rCorr:     It protects you from acid and corrosion.
 W - the ring of the Sky (right hand) {rElec EV+5}
   (You found it on level 5 of the Lair of Beasts)

   [ring of evasion]

   EV+5:      It affects your evasion (+5).
   rElec:     It insulates you from electricity.
Talismans
 p - a flux talisman
 Y - a serpent talisman
Wands
 i - a wand of roots (19)
 r - a wand of quicksilver (10)
 v - a wand of charming (4)
 x - a wand of digging (5)
 F - a wand of flame (44)
 G - a wand of mindburst (8)
 Q - a wand of polymorph (4)
Scrolls
 e - 3 scrolls of poison
 f - 2 scrolls of vulnerability
 g - 5 scrolls of teleportation
 l - 7 scrolls of identify
 y - a scroll of noise
 z - a scroll of torment
 J - 3 scrolls of revelation
 M - a scroll of blinking
 S - a scroll of fog
 T - 5 scrolls of immolation
 U - 2 scrolls of amnesia
 X - a scroll of enchant armour {unknown}
Potions
 b - 3 potions of cancellation {unknown}
 d - 4 potions of might
 k - 7 potions of haste {unknown}
 m - 9 potions of curing {unknown}
 n - 3 potions of brilliance {unknown}
 q - 5 potions of lignification {unknown}
 s - 3 potions of heal wounds {unknown}
 t - a potion of berserk rage {unknown}
 u - 2 potions of mutation {unknown}
 D - 2 potions of attraction {unknown}
 E - 3 potions of invisibility {unknown}
 I - 2 potions of enlightenment {unknown}
 L - a potion of degeneration {unknown}
 O - a potion of magic {unknown}
 Z - a potion of resistance {unknown}
Miscellaneous
 N - a lightning rod (4/4)


   Skills:
 * Level 11.3 Fighting
 * Level 13.4 Axes
 * Level 9.2 Armour
 * Level 9.9 Dodging
 * Level 11.9 Stealth
 * Level 7.8 Shields
 * Level 7.5 Shapeshifting


You had 14 spell levels left.
You didn't know any spells.
Your spell library contained the following spells:

 Spells                   Type           Power      Damage    Failure   Level
 Foxfire                  Conj/Fire      0%         2x1d4     96%         1
 Sting                    Tmut/Pois      0%         1d3       96%         1
 Cigotuvi's Dreadful Rot  Necr/Pois/Air  0%         N/A       99%         2
 Ensorcelled Hibernation  Hex/Ice        0%         N/A       99%         2
 Jinxbite                 Hex            0%         N/A       99%         2
 Poisonous Vapours        Pois/Air       0%         N/A       99%         2
 Sublimation of Blood     Necr           0%         N/A       99%         2
 Mephitic Cloud           Conj/Pois/Air  0%         N/A       100%        3
 Anguish                  Hex/Necr       0%         N/A       100%        4
 Cause Fear               Hex            0%         N/A       100%        4
 Dispel Undead            Necr           0%         3d6       100%        4
 Petrify                  Tmut/Erth      0%         N/A       100%        4
 Borgnjor's Vile Clutch   Necr/Erth      0%         N/A       100%        5
 Freezing Cloud           Conj/Ice/Air   0%         6-21      100%        5
 Irradiate                Conj/Tmut      0%         3d11      100%        5
 Death Channel            Necr           0%         N/A       100%        6
 Plasma Beam              Fire/Air       0%         2x1d10    100%        6
 Starburst                Conj/Fire      0%         6d3       100%        6
 Enfeeble                 Hex            0%         N/A       100%        7
 Malign Gateway           Summ/Tloc      0%         N/A       100%        7
 Ozocubu's Refrigeration  Ice            0%         4d7       100%        7
 Summon Horrible Things   Summ           0%         N/A       100%        8
 Animate Dead             Necr           Unusable   N/A       N/A         4
 Simulacrum               Ice/Necr       Unusable   N/A       N/A         6

Dungeon Overview and Level Annotations

Branches:
Dungeon (8/15)             Temple (1/1) D:6            Lair (5/5) D:8
  Swamp (2/4) Lair:2       Spider (0/4) Lair:2        Slime (0/5) Lair:4
 Bailey (visited)

Altars:
Ashenzari
Cheibriados
Dithmenos
Fedhas
Gozag
Hepliaklqana
Kikubaaqudgha
Makhleb
Nemelex Xobeh
Okawaru
Qazlal
Ru
Sif Muna
Trog
Uskayaw
Vehumet
Wu Jian
Xom
Yredelemnul
Zin
The Shining One
Jiyva


Innate Abilities, Weirdness & Mutations

You are small and have problems with some larger weapons.
You are completely attuned to the shadows.


Message History

The 20-headed hydra completely misses you.
The 20-headed hydra bites you but does no damage. x2
The 20-headed hydra closely misses you. The 20-headed hydra bites you.
The 20-headed hydra closely misses you. The 20-headed hydra bites you!
The 20-headed hydra misses you. You block the 20-headed hydra's attack.
The 20-headed hydra bites you but does no damage. x2
The hornet stings you.
You are poisoned.
You suddenly lose the ability to move!
The spriggan rider hits you but does no damage.
The alligator bites you. The alligator tail-slaps you.
The spriggan rider hits you but does no damage.
You feel very sick. The hornet stings you.
You are more poisoned.
You feel yourself slow down.
The alligator bites you but does no damage.
The alligator tail-slaps you but does no damage.
The 20-headed hydra bites you! The 20-headed hydra bites you.
The 20-headed hydra barely misses you. The 20-headed hydra bites you.
The 20-headed hydra bites you but does no damage.
The 20-headed hydra bites you! The 20-headed hydra barely misses you.
The 20-headed hydra bites you but does no damage. x2
The 20-headed hydra barely misses you. The 20-headed hydra bites you.
* * * LOW HITPOINT WARNING * * *
The 20-headed hydra bites you but does no damage. x2
The 20-headed hydra bites you!
* * * LOW HITPOINT WARNING * * *
The 20-headed hydra bites you but does no damage.
The 20-headed hydra bites you.
* * * LOW HITPOINT WARNING * * *
The 20-headed hydra bites you but does no damage. x2
The 20-headed hydra bites you!
* * * LOW HITPOINT WARNING * * *
The 20-headed hydra bites you but does no damage.
The alligator bites you but does no damage.
The alligator tail-slaps you but does no damage.
The spriggan rider hits you with a +0 spear!
You die...
Your body crumbles into a pile of gold.

....~~~~~... ♣♣♣♣♣
...~~~~~~..~ ♣♣..~♣
♣♣..~~~~~~.§~ ♣~<.~♣
♣~..§.$D~i...
♣♣...♣♣♣♣♣.~♣~$t@y~.♣
♣.~~~♣♣~~....$.$t~~♣♣
♣.~.♣...........i~~♣
♣♣♣♣..<..~§....~~.♣♣
♣.~~~~~§§..~~~~.♣
♣.~~~~~~~..~~~~
♣.~~~~.~~..


You could see a 20-headed hydra, 2 alligators, 2 spriggan riders and a hornet.

Vanquished Creatures
  Rupert (Lair:5)
  A bunyip (Swamp:2)
  An eleionoma (Swamp:1)
  The ghost of GigaChad the Cleaver, a journeyman KoFi of Gozag (Lair:5)
  Fannar (Lair:2)
  3 hydras
  Erica (Lair:2)
  3 catoblepae (Lair:5)
  5 alligators (Swamp:1)
  23 death yaks
  A skyshark (Lair:5)
  Amaemon (Lair:3)
  3 goliath frogs
  A spriggan druid (Swamp:1)
  A swamp dragon (Swamp:1)
  2 orc knights (Bailey)
  Pikel (D:8)
  2 manticores (Lair:5)
  A moth of wrath (Lair:5)
  A will-o-the-wisp (Swamp:1)
  5 elephants (Lair:5)
  6 black mambas
  2 torpor snails
  An orange demon (Lair:3)
  Joseph (D:8)
  18 cane toads
  3 rime drakes
  11 komodo dragons
  2 polar bears (Lair:3)
  A meliai (Lair:2)
  A hornet (Lair:5)
  6 tyrant leeches
  19 blink frogs
  3 dream sheep (Lair:5)
  Sigmund (D:2)
  6 spriggans
  65 yaks
  4 wyverns
  3 steam dragons
  Edmund (D:6)
  3 basilisks
  Menkaure (D:5)
  12 swamp worms
  8 water moccasins
  A swamp drake (Swamp:1)
  7 orc warriors
  2 sky beasts (D:8)
  3 black bears
  16 wolves
  A lemure (D:8)
  10 bullfrogs
  2 kobold brigands
  A gnoll sergeant (D:8)
  2 scorpions (D:6)
  5 wights (D:8)
  8 killer bees
  3 howler monkeys
  5 electric eels
  The ghost of LeprechaunX the Changeling, a weakling OpSh (D:3)
  2 hounds
  A jelly (D:5)
  2 orc priests (D:7)
  2 iguanas
  Ijyb (D:3)
  9 orc wizards
  6 hell rats (Lair:5)
  7 gnolls
  6 adders
  An ufetubus (D:6)
  2 worms (D:3)
  3 dart slugs (D:4)
  31 orcs
  4 ball pythons
  5 bats
  5 endoplasms
  2 giant cockroaches
  8 goblins
  5 hobgoblins
  2 jackals (D:5)
  15 kobolds
  A quokka (D:1)
  2 frilled lizards (D:3)
  6 rats
432 creatures vanquished.

Vanquished Creatures (others)
  A killer bee (D:7)
  A hound (D:7)
  2 foxfires (Swamp:1)
4 creatures vanquished.

Grand Total: 436 creatures vanquished

Notes
Turn   | Place    | Note
-------+----------+-------------------------------------------
     0 | D:1      | GigaChad the Kobold Fighter began the quest for the Orb.
     0 | D:1      | Reached XP level 1. HP: 14/14 MP: 1/1
     5 | D:1      | Entered explore mode.
   146 | D:1      | Reached XP level 2. HP: 19/19 MP: 2/2
   526 | D:1      | Reached skill level 1 in Stealth
   598 | D:2      | Reached XP level 3. HP: 23/23 MP: 3/3
   764 | D:2      | Found a faded altar of an unknown god.
  1105 | D:2      | Noticed Sigmund
  1123 | D:2      | Killed Sigmund
  1124 | D:2      | Reached skill level 3 in Axes
  1124 | D:2      | Reached skill level 1 in Dodging
  1124 | D:2      | Reached XP level 4. HP: 11/29 MP: 4/4
  1124 | D:2      | Reached XP level 5. HP: 13/33 MP: 5/5
  1124 | D:2      | Reached XP level 6. HP: 15/38 MP: 6/6
  1974 | D:3      | Found a runed translucent gate.
  2161 | D:3      | Noticed Ijyb
  2177 | D:3      | Killed from afar by Ijyb (14 damage)
                  | ... with a bolt of dispelling energy
  2198 | D:3      | Killed from afar by Ijyb (13 damage)
                  | ... with a bolt of dispelling energy
  2202 | D:3      | Killed Ijyb
  2326 | D:3      | Found a runed translucent gate.
  2333 | D:3      | Found a runed translucent gate.
  2396 | D:3      | Noticed LeprechaunX's ghost (weakling OpSh)
  2428 | D:3      | Killed LeprechaunX's ghost
  2735 | D:4      | Reached XP level 7. HP: 39/43 MP: 7/7
  2968 | D:4      | Found a glowing silver altar of Zin.
  2968 | D:4      | Noticed an angel
  2972 | D:4      | Found a shimmering altar of Xom.
  3196 | D:5      | Entered Level 5 of the Dungeon
  3213 | D:5      | Noticed Menkaure
  3219 | D:5      | Killed Menkaure
  3220 | D:5      | Reached skill level 4 in Axes
  3316 | D:5      | Reached skill level 1 in Shapeshifting
  3522 | D:5      | Reached XP level 8. HP: 33/48 MP: 8/8
  4184 | D:6      | Noticed Edmund
  4207 | D:6      | Killed Edmund
  4207 | D:6      | Slain by a black bear (9 damage)
  4208 | D:6      | Reached skill level 5 in Axes
  4371 | D:6      | Found a stormy altar of Qazlal.
  4372 | D:6      | Found a blossoming altar of Fedhas.
  4373 | D:6      | Found a shimmering blue altar of Sif Muna.
  4410 | D:6      | Found a bloodstained altar of Trog.
  4631 | D:6      | Found a staircase to the Ecumenical Temple.
  4710 | Temple   | Entered the Ecumenical Temple
  4770 | Temple   | Became a worshipper of Ashenzari the Shackled
  5247 | D:7      | Found a flagged portal.
  5254 | Bailey   | Entered a bailey
  5275 | Bailey   | Mangled by an orc warrior
                  | ... wielding a +0 halberd
                  | (18 damage)
  5301 | Bailey   | Slain by an orc warrior
                  | ... wielding a +0 halberd
                  | (9 damage)
  5311 | Bailey   | Reached skill level 5 in Fighting
  5311 | Bailey   | Reached XP level 9. HP: 32/54 MP: 9/9
  5531 | Bailey   | Noticed an orc knight
  5532 | Bailey   | Noticed an orc knight
  5536 | Bailey   | HP: 2/54 [orc knight/+0 halberd (9)]
  5537 | Bailey   | Demolished by an orc knight
                  | ... wielding a +0 halberd
                  | (18 damage)
  5540 | Bailey   | Mangled by an orc knight
                  | ... wielding a +0 halberd
                  | (27 damage)
  5543 | Bailey   | HP: 1/54 [orc knight/+0 halberd (26)]
  5544 | Bailey   | Demolished by an orc knight
                  | ... wielding a +0 halberd
                  | (18 damage)
  5545 | Bailey   | Mangled by an orc knight
                  | ... wielding a +0 halberd
                  | (30 damage)
  5548 | Bailey   | Annihilated by an orc knight
                  | ... wielding a +0 halberd
                  | (35 damage)
  5550 | Bailey   | Mangled by an orc knight
                  | ... wielding a +0 glaive
                  | (15 damage)
  5553 | Bailey   | Mangled by an orc warrior
                  | ... wielding a +0 spear
                  | (13 damage)
  5557 | Bailey   | Killed an orc knight
  5557 | Bailey   | Mangled by an orc knight
                  | ... wielding a +0 glaive
                  | (12 damage)
  5558 | Bailey   | Reached skill level 6 in Axes
  5558 | Bailey   | Reached skill level 5 in Stealth
  5561 | Bailey   | Mangled by an orc warrior
                  | ... wielding a +0 spear
                  | (11 damage)
  5568 | Bailey   | HP: 2/54 [orc knight/+0 glaive (19)]
  5569 | Bailey   | Mangled by an orc knight
                  | ... wielding a +0 glaive
                  | (9 damage)
  5576 | Bailey   | Slain by an orc knight
                  | ... wielding a +0 glaive
                  | (17 damage)
  5583 | Bailey   | Slain by an orc knight
                  | ... wielding a +0 glaive
                  | (12 damage)
  5594 | Bailey   | Slain by an orc warrior
                  | ... wielding a +0 spear
                  | (6 damage)
  5598 | Bailey   | Demolished by an orc knight
                  | ... wielding a +0 glaive
                  | (22 damage)
  5602 | Bailey   | Killed an orc knight
  5603 | Bailey   | Reached skill level 5 in Armour
  5605 | Bailey   | Slain by an orc warrior
                  | ... wielding a +0 bardiche
                  | (4 damage)
  5612 | Bailey   | Slain by an orc warrior
                  | ... wielding a +0 bardiche
                  | (13 damage)
  5883 | Bailey   | Identified the +11 shadow dragon scales "Qearurchu" {rElec
                  | rN+ Int-2 Dex+5 Stlth++++}
  6273 | D:7      | Reached XP level 10. HP: 58/60 MP: 10/10
  7028 | D:7      | Reached skill level 7 in Axes
  7081 | D:8      | Noticed Joseph
  7096 | D:8      | Killed Joseph
  7290 | D:8      | Noticed a death yak
  7291 | D:8      | Noticed a death yak
  7292 | D:8      | Noticed a death yak
  7312 | D:8      | Slain by a death yak (5 damage)
  7320 | D:8      | Slain by a death yak (7 damage)
  7328 | D:8      | Killed a death yak
  7329 | D:8      | Reached skill level 5 in Dodging
  7332 | D:8      | Killed a death yak
  7335 | D:8      | Found a staircase to the Lair.
  7343 | D:8      | Slain by a death yak (10 damage)
  7358 | D:8      | Killed a death yak
  7359 | D:8      | Reached skill level 8 in Axes
  7359 | D:8      | Reached XP level 11. HP: 32/66 MP: 11/11
  7448 | D:8      | Noticed a death yak
  7448 | D:8      | Noticed a death yak
  7464 | D:8      | Slain by a death yak (16 damage)
  7480 | D:8      | Killed a death yak
  7489 | D:8      | Killed a death yak
  7673 | D:8      | Noticed Pikel
  7700 | D:8      | Killed Pikel
  7751 | D:8      | Got a tattered book
  7814 | D:8      | Found a radiant altar of Vehumet.
  8120 | D:8      | Found an opulent altar of Gozag.
  8290 | Lair:1   | Entered Level 1 of the Lair of Beasts
  8366 | Lair:1   | Reached skill level 9 in Axes
  8489 | Lair:1   | Reached skill level 5 in Shields
  8643 | Lair:1   | Reached XP level 12. HP: 25/73 MP: 12/12
  9635 | Lair:2   | Noticed Fannar
  9659 | Lair:2   | Slain by Fannar
                  | ... wielding a staff of cold
                  | (14 damage)
  9686 | Lair:2   | Mangled by Fannar
                  | ... wielding a staff of cold
                  | (14 damage)
  9689 | Lair:2   | Killed Fannar
  9690 | Lair:2   | Reached skill level 10 in Axes
  9724 | Lair:2   | Reached skill level 5 in Shapeshifting
 10021 | Lair:2   | Identified the +1 leather armour "Uveg" {rN+ Dex+8}
 10077 | Lair:2   | HP: 3/75 [yak[a torpor snail] (10)]
 10078 | Lair:2   | HP: 1/75 [torpor snail (3)]
 10078 | Lair:2   | Slain by a cane toad (2 damage)
 10099 | Lair:2   | HP: 3/75 [poisoned by a cane toad]
 10101 | Lair:2   | HP: 1/75 [poisoned by a cane toad]
 10102 | Lair:2   | Succumbed to a cane toad's poison
 10174 | Lair:2   | Killed by divine providence
                  | ... invoked by a meliai
                  | (14 damage)
 10185 | Lair:2   | Killed by divine providence
                  | ... invoked by a meliai
                  | (11 damage)
 10223 | Lair:2   | Slain by a yak (7 damage)
 10278 | Lair:2   | Found a staircase to the Swamp.
 10299 | Lair:2   | Reached XP level 13. HP: 65/80 MP: 13/13
 10320 | Lair:2   | HP: 2/80 [tyrant leech (20)]
 10327 | Lair:2   | Mangled by a tyrant leech (17 damage)
 10820 | Lair:2   | Noticed a six-headed hydra
 10835 | Lair:2   | HP: 4/80 [14-headed hydra (3)]
 10835 | Lair:2   | Mangled by a 14-headed hydra (12 damage)
 10841 | Lair:2   | HP: 4/80 [17-headed hydra (11)]
 10842 | Lair:2   | Slain by an 18-headed hydra (5 damage)
 10845 | Lair:2   | Slain by a 19-headed hydra (7 damage)
 10850 | Lair:2   | HP: 4/80 [19-headed hydra (7)]
 10852 | Lair:2   | Slain by a 20-headed hydra (5 damage)
 10856 | Lair:2   | HP: 2/80 [20-headed hydra (7)]
 10857 | Lair:2   | Slain by a 19-headed hydra (5 damage)
 10861 | Lair:2   | HP: 2/80 [20-headed hydra (9)]
 10861 | Lair:2   | Slain by a 20-headed hydra (4 damage)
 10865 | Lair:2   | Killed a 19-headed hydra
 11119 | Lair:2   | Noticed Erica
 11135 | Lair:2   | Killed from afar by a rime drake (16 damage)
                  | ... with an icy flash freeze
 11137 | Lair:2   | Reached skill level 11 in Axes
 11156 | Lair:2   | Killed Erica
 11351 | Lair:2   | Identified the +2 robe of the Armoured One {Contam Fly
                  | rF+++ Str+3}
 11355 | Lair:2   | Found a hole to the Spider Nest.
 11781 | Lair:3   | Noticed a four-headed hydra
 11800 | Lair:3   | HP: 1/80 [13-headed hydra (5)]
 11800 | Lair:3   | Slain by a 13-headed hydra (2 damage)
 11807 | Lair:3   | HP: 4/80 [19-headed hydra (7)]
 11807 | Lair:3   | Mangled by a 19-headed hydra (10 damage)
 11814 | Lair:3   | HP: 2/80 [19-headed hydra (8)]
 11815 | Lair:3   | Slain by a 20-headed hydra (6 damage)
 11823 | Lair:3   | Slain by a 19-headed hydra (8 damage)
 11826 | Lair:3   | Killed a 19-headed hydra
 12013 | Lair:3   | Noticed Amaemon
 12030 | Lair:3   | Slain by an orange demon (15 damage)
                  | ... led by Amaemon
 12035 | Lair:3   | HP: 4/80 [scorpion[Amaemon] (4)]
 12036 | Lair:3   | Slain by a scorpion (7 damage)
                  | ... summoned by Amaemon
 12038 | Lair:3   | Killed Amaemon
 12042 | Lair:3   | HP: 4/80 [poisoned by Amaemon]
 12042 | Lair:3   | Mangled by an orange demon (15 damage)
                  | ... led by Amaemon
 12052 | Lair:3   | Identified the cursed +2 cloak of Supernal Knowledge
                  | {rCorr, Melee, Comp} (You found it in a bailey)
 12455 | Lair:3   | Fell from the grace of Ashenzari
 13108 | D:8      | Became a worshipper of Gozag Ym Sagoz the Greedy
 13260 | Lair:4   | HP: 4/80 [death yak (4)]
 13261 | Lair:4   | Mangled by a death yak (15 damage)
 13269 | Lair:4   | HP: 4/80 [death yak (19)]
 13271 | Lair:4   | Mangled by a death yak (11 damage)
 13279 | Lair:4   | HP: 4/80 [death yak (8)]
 13279 | Lair:4   | Mangled by a death yak (16 damage)
 13289 | Lair:4   | Slain by a death yak (8 damage)
 13291 | Lair:4   | Reached skill level 10 in Stealth
 13307 | Lair:4   | Mangled by a death yak (14 damage)
 13437 | Lair:4   | Reached XP level 14. HP: 81/87 MP: 14/14
 14016 | Lair:4   | Found a viscous altar of Jiyva.
 14299 | Lair:4   | Reached skill level 12 in Axes
 14326 | Lair:4   | Found a staircase to the Slime Pits.
 14467 | Lair:5   | Entered Level 5 of the Lair of Beasts
 14489 | Lair:5   | Found a transporter.
 14505 | Lair:5   | Reached skill level 10 in Fighting
 14508 | Lair:5   | HP: 4/88 [skyshark (10)]
 14510 | Lair:5   | Mangled by a skyshark (12 damage)
 14541 | Lair:5   | Slain by a blink frog (9 damage)
 14888 | Lair:5   | HP: 3/88 [cane toad (6)]
 14889 | Lair:5   | Succumbed to a cane toad's poison
 15215 | Lair:5   | Identified the ring "Datyky" {Fire rN+ rCorr Str+4 Int+5}
 15215 | Lair:5   | Noticed Rupert
 15221 | Lair:5   | Annihilated by Rupert
                  | ... wielding a +3 great mace of venom
                  | (29 damage)
 15225 | Lair:5   | Slain by a komodo dragon (14 damage)
 15228 | Lair:5   | HP: 4/88 [poisoned by Rupert]
 15228 | Lair:5   | Mangled by Rupert
                  | ... wielding a +3 great mace of venom
                  | (12 damage)
 15230 | Lair:5   | Mangled by a komodo dragon (10 damage)
 15233 | Lair:5   | Succumbed to Rupert's poison
 15236 | Lair:5   | HP: 3/88 [poisoned by Rupert]
 15237 | Lair:5   | Succumbed to Rupert's poison
 15240 | Lair:5   | Slain by a komodo dragon (20 damage)
 15242 | Lair:5   | HP: 3/88 [Rupert/+3 great mace of venom (11)]
 15243 | Lair:5   | Succumbed to Rupert's poison
 15250 | Lair:5   | HP: 3/88 [wolf (6)]
 15251 | Lair:5   | Succumbed to Rupert's poison
 15253 | Lair:5   | Demolished by Rupert
                  | ... wielding a +3 great mace of venom
                  | (19 damage)
 15254 | Lair:5   | Killed Rupert
 15512 | Lair:5   | Slain by a cane toad (13 damage)
 15584 | Lair:5   | Slain by an elephant (11 damage)
 16046 | Lair:5   | Found a transporter.
 16352 | Lair:5   | HP: 4/88 [death yak (1)]
 16353 | Lair:5   | Mangled by a death yak (16 damage)
 16696 | Lair:5   | Reached XP level 15. HP: 82/93 MP: 15/15
 16871 | Lair:5   | HP: 1/93 [death yak (10)]
 16873 | Lair:5   | Slain by a death yak (6 damage)
 16891 | Lair:5   | Was forgiven by Ashenzari
 17131 | Lair:5   | Reached skill level 13 in Axes
 17163 | Lair:5   | HP: 4/93 [death yak (9)]
 17163 | Lair:5   | Slain by a yak (5 damage)
                  | ... while petrified by a catoblepas
 17181 | Lair:5   | HP: 4/93 [death yak (8)]
 17182 | Lair:5   | HP: 1/93 [death yak (3)]
 17184 | Lair:5   | Mangled by a death yak (8 damage)
                  | ... while petrified by a catoblepas
 17273 | Lair:5   | Identified the ring of the Sky {rElec EV+5}
 17539 | Lair:5   | Noticed GigaChad's ghost (journeyman KoFi)
 17540 | Lair:5   | Found a bloodstained altar of Trog.
 17552 | Lair:5   | Killed GigaChad's ghost
 17782 | Swamp:1  | Entered Level 1 of the Swamp
 18216 | Swamp:1  | HP: 3/94 [19-headed hydra (2)]
 18219 | Swamp:1  | Slain by a 20-headed hydra (5 damage)
 18337 | Swamp:1  | HP: 3/94 [acid[a spriggan druid] (4)]
 18338 | Swamp:1  | Demolished by a goliath frog (20 damage)
                  | ... called by a spriggan druid
 19392 | Swamp:2  | HP: 3/95 [11-headed hydra (7)]
 19393 | Swamp:2  | Slain by an 11-headed hydra (7 damage)
 19400 | Swamp:2  | Slain by a goliath frog (12 damage)
 19409 | Swamp:2  | HP: 4/95 [18-headed hydra (1)]
 19410 | Swamp:2  | HP: 1/95 [18-headed hydra (3)]
 19410 | Swamp:2  | Slain by an 18-headed hydra (2 damage)
 19415 | Swamp:2  | HP: 2/95 [19-headed hydra (7)]
 19415 | Swamp:2  | Slain by a 19-headed hydra (2 damage)
 19420 | Swamp:2  | HP: 2/95 [20-headed hydra (12)]
 19420 | Swamp:2  | Mangled by a 20-headed hydra (8 damage)
 19422 | Swamp:2  | Paralysed by a hornet for 3 turns
 19423 | Swamp:2  | Slain by a spriggan rider

Illustrated notes

Levels and vault maps discovered:
D:1:      shiori_arrival_maze, layout_rooms
D:2:      layout_basic, basic_ecumenical_altar, uniq_sigmund
D:3:      layout_basic, gammafunk_ghost_split, patterned_corridor, uniq_ijyb
D:4:      layout_cave_pools, grunt_temple_overflow_order_and_chaos_1
D:5:      layout_basic, uniq_menkaure
D:6:      layout_loops_ring, nicolae_overflow_quartered_altars,
          minmay_temple_entry_offerings, nicolae_elevator_lobby_plus,
          uniq_edmund
D:7:      layout_basic, enter_bailey_3
D:8:      layout_cave_pools, vehumet_altar_wand_db,
          mainiacjoe_overflow_24_doors, dpeg_lair_monsters, uniq_joseph,
          uniq_pikel
Temple:   dshaligram_water_room_temple
Lair:1:   layout_hall_layers, grunt_megastairs_3, lemuel_fruit_fields,
          serial_bayou_shore_b, infiniplex_staircase_pool
Lair:2:   layout_gridlike, minmay_swamp_entry_worms,
          hellmonk_spider_entry_not_the_bees, grunt_forest_stairs_basic,
          nicolae_lair_grove_arrangements, nicolae_quartered_pool_little,
          st_stairs_4, lemuel_fruit_tree, serial_bayou_shore_b, uniq_erica,
          uniq_fannar
Lair:3:   layout_loops_ring, enter_volcano_1, uniq_amaemon
Lair:4:   layout_cave_pods, slime_entry_1
Lair:5:   evilmike_catoblepas_cave, layout_gridlike,
          gammafunk_ghost_wrathful_warriors, st_stairs_13,
          nicolae_lair_grazing_beasts [nicolae_sub_lair_graze_edge,
          nicolae_sub_lair_graze_edge, nicolae_sub_lair_graze_edge,
          nicolae_sub_lair_graze_edge], serial_bayou_shore_b, uniq_rupert
Swamp:1:  layout_basic_swamp, evilmike_swamp_ruin_house_4
Swamp:2:  layout_basic_swamp, nicolae_swamp_little_swirl, swamp_pool3,
          infiniplex_staircase_pool_2

Skill      XL: |  1  2  3  4  5  6  7  8  9 10 11 12 13 14 15 |
---------------+----------------------------------------------+-----
Stealth        | 1 2 3 4 5 6 7 9 10 11 | 11.9
Fighting       | 4 5 6 7 8 9 10 11 | 11.3
Axes           | 3 4 5 6 8 9 10 11 12 13 | 13.4
Armour         | 3 4 5 6 7 8 9 |  9.2
Dodging        | 1 2 3 4 5 6 7 8 9 |  9.9
Shields        | 3 4 5 6 7 |  7.8
Shapeshifting  | 1 2 3 4 5 6 7 |  7.5

Action                     |  1- 3 |  4- 6 |  7- 9 | 10-12 | 13-15 || total
---------------------------+-------+-------+-------+-------+-------++-------
  Melee: War axe           |    87 |   118 |   295 |   590 |  1129 ||  2219
         Unarmed           |       |       |       |       |    23 ||    23
 Invoke: Curse Item        |       |       |       |       |     1 ||     1
         Renounce Religion |       |       |       |       |     1 ||     1
    Use: Scroll            |     3 |       |     6 |     4 |     7 ||    20
   Stab: Sleeping          |       |       |     3 |    16 |    30 ||    49
         Distracted        |       |       |       |     3 |     4 ||     7
         Petrified         |       |       |       |       |     5 ||     5
         Petrifying        |       |       |       |       |     1 ||     1
 Armour: Scale mail        |    15 |       |       |       |       ||    15
         Chain mail        |    31 |    62 |   260 |       |       ||   353
         Shadow dragon sca |       |       |    16 |   575 |  2205 ||  2796
         Skin              |       |       |       |       |    26 ||    26
  Dodge: Dodged            |    48 |    75 |   350 |   677 |  1938 ||  3088
  Block: Buckler           |    22 |    32 |   115 |   247 |    85 ||   501
         Kite shield       |       |       |       |       |   980 ||   980

Table legend: (Time is in decaauts)
 A = Elapsed time spent in this place.
 B = Non-inter-level travel time spent in this place.
 C = Inter-level travel time spent in this place.
 D = Time resting spent in this place.
 E = Time spent auto-exploring this place.
 F = Levels seen in this place.
 G = Mean time per level.
                   A        B        C        D        E       F      G
               +--------+--------+--------+--------+--------+-----+--------+
         Total |  19934 |  19197 |    737 |    729 |  13662 |  17 | 1172.6 |
       Dungeon |   7751 |   7459 |    292 |    267 |   5720 |   8 |  968.9 |
        Temple |     72 |     72 |      0 |      0 |      0 |   1 |   72.0 |
          Lair |   9654 |   9232 |    422 |      0 |   6678 |   5 | 1930.8 |
         Swamp |   1699 |   1677 |     22 |    289 |   1005 |   2 |  849.5 |
        Bailey |    756 |    756 |      0 |    173 |    258 |   1 |  756.0 |
               +--------+--------+--------+--------+--------+-----+--------+

Top non-repeatable levels by time:
  Lair:5: 3289 daAuts
  Lair:2: 2357 daAuts
 Swamp:1: 1644 daAuts
  Lair:3: 1390 daAuts
  Lair:4: 1328 daAuts
     D:8: 1319 daAuts
  Lair:1: 1288 daAuts
     D:7: 1261 daAuts
     D:6: 1028 daAuts
     D:2: 1008 daAuts
     D:3: 983 daAuts
     D:5: 857 daAuts
  Bailey: 756 daAuts
     D:4: 675 daAuts
     D:1: 617 daAuts
